 Dungeon Crawl Stone Soup version 0.31.0-32-g396128a36d (webtiles) character file.

Game seed: 9100579003994683870

74 sasquatch the Shooter (level 4, -10/37 HPs)
             Began as a Hill Orc Hunter on Mar 14, 2024.
             Mangled by a gnoll
             ... wielding a +0 halberd
              (14 damage)
             ... on level 2 of the Dungeon.
             The game lasted 00:03:15 (1871 turns).

sasquatch the Shooter (Hill Orc Hunter)             Turns: 1871, Time: 00:03:15

Health: -10/37     AC:  3    Str: 13    XL:     4   Next: 28%
Magic:  4/4        EV: 11    Int:  9    God:
Gold:   90         SH:  0    Dex: 16    Spells: 3/3 levels left

rFire   . . .        a - +0 shortbow
rCold   . . .        (shield currently unavailable)
rNeg    . . .        c - +0 leather armour
rPois   .            (no helmet)
rElec   .            (no cloak)
rCorr   .            (no gloves)
SInv    .            (no boots)
Will    .....        (no amulet)
Stlth   +            (no ring)
HPRegen 0.26/turn    (no ring)
MPRegen 0.09/turn

%: no passive effects
@: no status effects
A: no striking features
a: no special abilities


You were on level 2 of the Dungeon.
You visited 1 branch of the dungeon, and saw 3 of its levels.

You collected 90 gold pieces.

Inventory:

Hand Weapons
 a - a +0 shortbow (weapon)
 b - a +0 falchion of freezing
 m - a +0 dagger of speed
Missiles
 k - 8 poisoned darts
Armour
 c - a +0 leather armour (worn)
Jewellery
 g - an amulet of magic regeneration
Scrolls
 d - a scroll of acquirement {unknown}
 f - 2 scrolls of identify {unknown}
 l - 3 scrolls of teleportation {unknown}
Potions
 e - a potion of curing
 h - 2 potions of heal wounds {unknown}
 i - a potion of mutation {unknown}
 j - a potion of ambrosia {unknown}


   Skills:
 - Level 2.4 Fighting
 + Level 5.1 Ranged Weapons
 - Level 1.5 Dodging
 - Level 0.7 Stealth


You had 3 spell levels left.
You didn't know any spells.
Your spell library was empty.

Dungeon Overview and Level Annotations

Branches:
Dungeon (3/15)

Altars:


Message History

You shoot an arrow. The arrow barely misses the gnoll.
The gnoll shouts!
You hear a shout!
You shoot an arrow. The arrow hits the gnoll.
The gnoll is lightly wounded.
You shoot an arrow. The arrow hits the gnoll!
The gnoll is severely wounded.
You shoot an arrow. The arrow hits the gnoll!
You kill the gnoll!
No target in view!
No target in view!
You shoot an arrow. The arrow closely misses the gnoll.
The gnoll shouts!
You shoot an arrow. The arrow barely misses the gnoll.
The gnoll shouts!
You shoot an arrow. The arrow closely misses the gnoll. x2
You shoot an arrow. The arrow hits the gnoll.
The gnoll is lightly wounded.
You shoot an arrow. The gnoll shouts!
The arrow hits the gnoll but does no damage.
The gnoll is lightly wounded.
The gnoll hits you from afar with a +0 halberd!
You shoot an arrow. The arrow hits the gnoll.
The gnoll is moderately wounded.
The gnoll hits you from afar with a +0 halberd.
You shoot an arrow. The arrow barely misses the gnoll.
The arrow hits the gnoll.
The gnoll is heavily wounded.
The gnoll barely misses you. The gnoll closely misses you.
You shoot an arrow. The arrow barely misses the gnoll. x2
The arrow hits the gnoll!
The gnoll is severely wounded.
The gnoll hits you from afar with a +0 halberd!
* * * LOW HITPOINT WARNING * * *
You are too injured to fight recklessly!
Unknown command.
The gnoll attacks as it pursues you! The gnoll completely misses you.
The gnoll attacks as it pursues you!
The gnoll hits you from afar with a +0 halberd!
You die...

...# ####.###### #. ...# #.# #.
...# #.# ##. ...# #g# #.. ..####
#g# #.# #....# #.# ##.# ####.###
#g# #..# #...# #.#### ##.##
###.###### #.@..# ###..#.
#......# ####.# ####...##.
#......## #..#####....###..
###.......# #........####...⌠
####.......#.####.######....###..
...#.......#.......# #####...##.
##.#...##########..####...###.÷#.
.#.#...# ###....##.#.# ##÷#.
.....##########.......#.#.# #...


You could see 3 gnolls.

Vanquished Creatures
  2 gnolls (D:2)
  An adder (D:2)
  4 ball pythons
  4 endoplasms
  A giant cockroach (D:2)
  8 goblins
  4 hobgoblins
  3 jackals (D:1)
  5 kobolds
  A quokka (D:1)
  2 bats (D:2)
  A frilled lizard (D:2)
  5 rats (D:2)
41 creatures vanquished.

Notes
Turn   | Place    | Note
-------+----------+-------------------------------------------
     0 | D:1      | sasquatch the Hill Orc Hunter began the quest for the Orb.
     0 | D:1      | Reached XP level 1. HP: 18/18 MP: 1/1
   151 | D:1      | Reached skill level 4 in Ranged Weapons
   151 | D:1      | Reached XP level 2. HP: 24/25 MP: 2/2
   924 | D:2      | Reached XP level 3. HP: 15/30 MP: 3/3
  1175 | D:2      | Reached skill level 5 in Ranged Weapons
  1177 | D:2      | Reached XP level 4. HP: 34/37 MP: 4/4
  1871 | D:2      | Mangled by a gnoll

Illustrated notes

Levels and vault maps discovered:
D:1:      tarquinn_simple_flora_water_c, layout_loops_ring
D:2:      minmay_general_purpose_star, layout_basic, hangedman_decor_push,
          amcnicky_mini_pool_small, uniq_robin
D:3:      layout_loops_cross, nicolae_wormholes, uniq_crazy_yiuf_cottage

Skill      XL: |  1  2  3 |
---------------+----------+-----
Ranged Weapons | 4 5 |  5.1
Fighting       | |  2.4
Dodging        | |  1.5
Stealth        | |  0.7

Action                     |  1- 3 |  4- 6 || total
---------------------------+-------+-------++-------
   Fire: Shortbow          |   101 |    21 ||   122
    Use: Potion            |     2 |       ||     2
         Scroll            |     1 |       ||     1
 Armour: Leather armour    |    28 |     4 ||    32
  Dodge: Dodged            |    33 |     5 ||    38
